 Dungeon Crawl Stone Soup version 0.20-a0-540-ge6d1839 (webtiles) character file.

42 Klosterheim the Skirmisher (level 3, 0/39 HPs)
             Began as an Ogre Skald on Jan 29, 2017.
             Killed from afar by a dart slug (4 damage)
             ... with a slug dart
             ... on level 2 of the Dungeon.
             The game lasted 00:01:31 (1384 turns).

Klosterheim the Skirmisher (Ogre Skald)             Turns: 1384, Time: 00:01:32

Health: 0/39       AC:  3    Str: 15    XL:     3   Next: 56%
Magic:  5/6        EV: 10    Int: 14    God:
Gold:   86         SH:  0    Dex:  9    Spells: 5/6 levels left

rFire    . . .     SeeInvis .   a - +0 mace
rCold    . . .     Gourm    .   b - +0 robe
rNeg     . . .     Faith    .   (no shield)
rPois    .         Spirit   .   (helmet restricted)
rElec    .         Reflect  .   (no cloak)
rCorr    .         Harm     .   (gloves unavailable)
MR       .....                  (boots unavailable)
Stlth    +.........             (no amulet)
Regen    0.2/turn               (no ring)
                                (no ring)

@: no status effects
A: unfitting armour, tough skin 1
a: no special abilities


You were on level 2 of the Dungeon.
You were not hungry.

You visited 1 branch of the dungeon, and saw 2 of its levels.

You collected 86 gold pieces.

Inventory:

Hand Weapons
 a - a +0 mace (weapon)
Armour
 b - a +0 robe (worn)
Jewellery
 q - an uncursed ring of fire
Wands
 p - a wand of disintegration (13/24)
Scrolls
 f - 2 scrolls of remove curse {unknown}
 h - 3 scrolls of identify {unknown}
 j - 2 scrolls of immolation {unknown}
 l - 2 scrolls of teleportation {unknown}
 m - 3 scrolls of magic mapping {unknown}
 o - a scroll of fog {unknown}
Potions
 e - a potion of heal wounds {unknown}
 g - a potion of lignification {unknown}
 n - a potion of curing {unknown}
 r - a potion of berserk rage {unknown}
Books
 c - a book of Battle

   Spells                             Type                      Level
   a - Infusion                       Charms                       1
   b - Shroud of Golubria             Charms/Translocation         2
   c - Song of Slaying                Charms                       2
   d - Spectral Weapon                Hexes/Charms                 3
   e - Regeneration                   Charms/Necromancy            3
Comestibles
 d - a bread ration
 i - 2 chunks of flesh
 k - a royal jelly


   Skills:
 + Level 3.7 Fighting
 * Level 2.9 Maces & Flails
 - Level 2.1 Dodging
 - Level 2.4 Spellcasting
 - Level 2.6 Charms


You had 5 spell levels left.
You knew the following spells:

 Your Spells              Type           Power        Failure   Level  Hunger
a - Infusion              Chrm           #...         10%         1    #......


Dungeon Overview and Level Annotations

Branches:
Dungeon (2/15)

Altars:


Innate Abilities, Weirdness & Mutations

You are too large for most types of armour.
You have tough skin. (AC +1)


Message History

* * * LOW HITPOINT WARNING * * *
The leopard gecko completely misses you.
A giant cockroach comes into view.
The leopard gecko closely misses you.
Your magical infusion is running out.
You miss the leopard gecko.
The leopard gecko is almost dead.
The leopard gecko barely misses you.
You hit the leopard gecko.
You kill the leopard gecko!
The giant cockroach bites you but does no damage.
The dart slug launches a dart at you. The slug dart hits you!
* * * LOW HITPOINT WARNING * * *
The giant cockroach misses you.
A worm comes into view.
You are no longer magically infusing your attacks.
The dart slug launches a dart at you. The slug dart hits you!
You die...

######## #...# ### ######w..#
##.... .........#####
....................#
.................##.#
......(..........#
.................#
.............###.#
.............#..@#
.............#...#############
.............#..s............#
........... ##.†............#
......## ###..............#
......# #.....w.(..)# ......#
#...........# .#....#
#...........# +#....#
#########.###


You could see a worm, a dart slug and a giant cockroach.

Vanquished Creatures
  An adder (D:2)
  A worm (D:2)
  A leopard gecko (D:2)
  3 bats (D:1)
  A giant cockroach (D:1)
  2 goblins
  6 hobgoblins
  3 jackals (D:1)
  5 kobolds (D:1)
  A rat (D:1)
24 creatures vanquished.

Notes
Turn   | Place    | Note
-------+----------+-------------------------------------------
     0 | D:1      | Klosterheim the Ogre Skald began the quest for the Orb.
     0 | D:1      | Reached XP level 1. HP: 22/22 MP: 3/3
   102 | D:1      | Reached skill level 3 in Fighting
   418 | D:1      | Reached XP level 2. HP: 31/31 MP: 5/5
   971 | D:2      | Reached XP level 3. HP: 21/37 MP: 6/6
  1384 | D:2      | Killed from afar by a dart slug

Vault maps used:
D:1:      eino_arrival_cavern_e
D:2:      first_bread, minmay_pentomino_z4

Skill      XL: |  1 |
---------------+----+-----
Fighting       | 3 |  3.7
Maces & Flails | 2 |  2.9
Dodging        | |  2.1
Spellcasting   | |  2.4
Charms         | |  2.6

Action                   || total
-------------------------++-------
Melee: Mace              ||    99
 Cast: Infusion          ||     3
  Eat: Chunk             ||     2
Armor: Robe              ||    33
Dodge: Dodged            ||    84
